 Dungeon Crawl Stone Soup version 0.18.1-8-gdd0e5ea (webtiles) character file.

386 Ronzu the Skirmisher (level 6, 0/48 HPs)
             Began as a Demonspawn Berserker on May 30, 2016.
             Was a Priest of Trog.
             Slain by a sky beast (5 damage)
             ... on level 5 of the Dungeon.
             The game lasted 00:35:29 (3706 turns).

Ronzu the Skirmisher (Demonspawn Berserker)         Turns: 3706, Time: 00:35:31

Health: 0/48       AC:  7    Str: 18 (20) XL:     6   Next: 48%
Magic:  0/6        EV: 10    Int:  6 (8)  God:    Trog [***...]
Gold:   285        SH:  0    Dex: 10 (12) Spells: 0 memorised, 5 levels left

rFire  + . .     SeeInvis .     s - +1 flail
rCold  . . .     Gourm    .     f - +1 scale mail
rNeg   . . .     Faith    .     (no shield)
rPois  .         Spirit   +     (helmet restricted)
rElec  .         Dismiss  .     (no cloak)
rCorr  .         Reflect  .     (no gloves)
SustAt .         Harm     .     (no boots)
MR     .....                    (no amulet)
Stlth  ..........               (no ring)
                                g - ring of protection from fire

@: exhausted, slowed, very slow, not resistant to hostile enchantments,
extremely unstealthy
A: antennae 1, powered by death 1, magic shield
a: Berserk, Trog's Hand, Burn Spellbooks, Renounce Religion


You were on level 5 of the Dungeon.
You worshipped Trog.
Trog was most pleased with you.
You were hungry.

You visited 1 branch of the dungeon, and saw 5 of its levels.

You collected 285 gold pieces.

Inventory:

Hand Weapons
 a - a +0 mace
 b - a +0 hunting sling
 d - a +0 short sword of speed
 e - a +0 short sword
 s - a +1 flail (weapon)
 v - a +0 war axe
 A - a +0 falchion
Missiles
 l - 2 exploding tomahawks (quivered)
 r - 15 poisoned needles
 t - 7 javelins
Armour
 f - a +1 scale mail (worn)
Jewellery
 g - a ring of protection from fire (left hand)
Wands
 u - a wand of lightning (12/15)
Scrolls
 h - a scroll of enchant armour
 i - 2 scrolls of remove curse
 j - a scroll of recharging
 k - 2 scrolls of identify
 o - a scroll of teleportation
 x - a scroll of enchant weapon
 y - 3 scrolls of magic mapping
 z - 2 scrolls of blinking
Potions
 q - a potion of degeneration
Comestibles
 c - 4 bread rations
 m - a fruit


   Skills:
 + Level 4.2 Fighting
 - Level 1.1 Short Blades
 * Level 4.0 Maces & Flails
 + Level 3.4 Armour
 + Level 3.1 Dodging
 - Level 0.8 Stealth


You had 5 spell levels left.
You didn't know any spells.

Dungeon Overview and Level Annotations

Branches:
Dungeon (5/15)
 Temple: D:4-7

Altars:
Sif Muna


Innate Abilities, Weirdness & Mutations

You have a pair of small antennae on your head.
You regenerate a little health from kills.
When hurt, damage is shared between your health and your magic reserves.


Message History

You feel a strong urge to attack something.
Found 19 bolts.
You feel your anger subside.
You are no longer berserk.
You are exhausted.
You feel yourself slow down.
You are feeling hungry.
Found a stone staircase leading up.
A sky beast appears from thin air!
Reactivating autopickup.
You closely miss the sky beast.
The sky beast is moderately wounded.
The sky beast hits you but does no damage.
The sky beast barely misses you.
You closely miss the sky beast.
The sky beast is moderately wounded.
The sky beast hits you but does no damage.
The sky beast hits you.
* * * LOW HITPOINT WARNING * * *
The sky beast shocks you.
You die...

..# ..# #.# #.#
#.# ########.##
#.........#
#...<...Y@#
#.........#
#.....#....#
#.....#.......
#.....#........
#.....###.......
####### #.......
#..(...<


You could see a sky beast.

Vanquished Creatures
  A scorpion (D:4)
  A centaur skeleton (D:4)
  A hound (D:4)
  An orc priest (D:4)
  2 orc wizards (D:4)
  A worker ant (D:4)
  8 adders
  2 oozes
  2 giant geckos
  7 orcs
  3 ball pythons
  A bat skeleton (D:2)
  3 giant cockroaches
  6 goblins
  10 hobgoblins
  12 jackals
  6 kobolds
  2 quokkas
  6 bats
  3 giant newts
  A jackal skeleton (D:4)
  6 rats
85 creatures vanquished.

Notes
Turn   | Place    | Note
--------------------------------------------------------------
     0 | D:1      | Ronzu the Demonspawn Berserker began the quest for the Orb.
     0 | D:1      | Reached XP level 1. HP: 18/18 MP: 1/1
   578 | D:1      | Gained mutation: You regenerate a little health from kills. [demonic ancestry]
   578 | D:1      | Reached XP level 2. HP: 19/24 MP: 2/2
  1222 | D:2      | Gained mutation: You have a pair of small antennae on your head. [demonic ancestry]
  1222 | D:2      | Reached XP level 3. HP: 24/29 MP: 3/3
  1346 | D:2      | Reached ** piety under Trog
  1586 | D:2      | Reached XP level 4. HP: 35/35 MP: 4/4
  2110 | D:3      | Found a deep blue altar of Sif Muna.
  2406 | D:4      | Gained mutation: When hurt, damage is shared between your health and your magic reserves. [demonic ancestry]
  2406 | D:4      | Reached XP level 5. HP: 41/42 MP: 5/5
  2409 | D:4      | Reached *** piety under Trog
  2421 | D:4      | Reached skill level 1 in Short Blades
  2759 | D:4      | Reached XP level 6. HP: 19/48 MP: 2/6
  3085 | D:5      | Entered Level 5 of the Dungeon
  3685 | D:5      | Noticed a sky beast
  3706 | D:5      | Slain by a sky beast

Skill      XL: |  1  2  3  4  5  6 |
---------------+-------------------+-----
Maces & Flails | 3 4 |  4.0
Armour         | 2 3 |  3.4
Dodging        | 2 3 |  3.1
Short Blades   | 1 |  1.1
Fighting       | 4 |  4.2
Stealth        | |  0.8

Action                   |  1- 3 |  4- 6 || total
-------------------------+-------+-------++-------
Melee: Mace              |    48 |       ||    48
       Short sword       |    82 |    81 ||   163
       Flail             |       |   165 ||   165
Evoke: Wand              |       |     1 ||     1
  Use: Scroll            |     2 |     7 ||     9
       Potion            |       |     5 ||     5
  Eat: Bread ration      |     1 |       ||     1
       Fruit             |       |     6 ||     6
Armor: Animal skin       |     5 |       ||     5
       Scale mail        |    46 |   107 ||   153
Dodge: Dodged            |    46 |   133 ||   179
